Workbook
Name Presu: #REF!

Sheet PRESUPUESTO OFICIAL
B1: PRESUPUESTO OFICIAL
B2: MANTENIMIENTO Y ADECUACIÓN A LA INFRAESTRUCTURA FISICA DE LA INSTITUCIÓN EDUCATIVA TECNICA FRANCISCO JOSE DE CALDAS MUNICIPIO DE NATAGAIMA - TOLIMA
B3: ITEM | C3: DESCRIPCIÓN | D3: UND | E3: CANTIDADES | F3: VALOR UNITARIO | G3: VALOR TOTAL PARCIAL
B4: 1 | C4: SEDE PRINCIPAL
B5: 1.1 | C5: Mantenimiento a puerta de ingreso principal | D5: UND | E5: =+'MEMORIA CALCULO'!M7 -> 1 | F5: =+'(APU) PRESUPUESTO '!H35 -> 65000 | G5: =+ROUND(E5*F5,0) -> 65000
B6: 1.2 | C6: Mantenimiento a puerta de sala multiple (incluye instalacion de chapa y porta candado) | D6: UND | E6: =+'MEMORIA CALCULO'!M9 -> 2 | F6: =+'(APU) PRESUPUESTO '!H67 -> 88000 | G6: =+ROUND(E6*F6,0) -> 176000
B7: 1.3 | C7: Mantenimiento a puerta metalica baño de niñas cambio de lamina de arrastre | D7: UND | E7: =+'MEMORIA CALCULO'!M11 -> 1 | F7: =+'(APU) PRESUPUESTO '!H132 -> 80000 | G7: =+ROUND(E7*F7,0) -> 80000
B8: 1.4 | C8: Suministro e instalacion de marco metalica C18 para puerta sala multiple | D8: UND | E8: =+'MEMORIA CALCULO'!M13 -> 1 | F8: =+'(APU) PRESUPUESTO '!H163 -> 195000 | G8: =+ROUND(E8*F8,0) -> 195000
B9: 1.5 | C9: Suministro e instalacion de canal metalica | D9: ML | E9: =+'MEMORIA CALCULO'!M15 -> 6.7 | F9: =+'(APU) PRESUPUESTO '!H195 -> 86000 | G9: =+ROUND(E9*F9,0) -> 576200
B10: 1.6 | C10: Suministro e instalacion de cable No. 12 para instalacion de ventiladores sala multiple | D10: ML | E10: =+'MEMORIA CALCULO'!M17 -> 40 | F10: =+'(APU) PRESUPUESTO '!H227 -> 8700 | G10: =+ROUND(E10*F10,0) -> 348000
B11: 1.7 | C11: Pintura vinilo tipo 1 a tres manos y estuco | D11: M2 | E11: =+'MEMORIA CALCULO'!M19 -> 75.765 | F11: =+'(APU) PRESUPUESTO '!H258 -> 26400 | G11: =+ROUND(E11*F11,0) -> 2000196
B12: 1.8 | C12: Pintura en aceite para ornamentacion | D12: M2 | E12: =+'MEMORIA CALCULO'!M29 -> 27.83 | F12: =+'(APU) PRESUPUESTO '!H290 -> 19100 | G12: =+ROUND(E12*F12,0) -> 531553
B13: 1.9 | C13: Suministro e instalacion de malla metalica antisectos | D13: M2 | E13: =+'MEMORIA CALCULO'!M35 -> 11.275 | F13: =+'(APU) PRESUPUESTO '!H322 -> 6300 | G13: =+ROUND(E13*F13,0) -> 71033
B14: 1.1 | C14: Suministro e instalacion de inodoro de tanque | D14: UND | E14: =+'MEMORIA CALCULO'!M40 -> 1 | F14: =+'(APU) PRESUPUESTO '!H352 -> 315000 | G14: =+ROUND(E14*F14,0) -> 315000
B15: 1.11 | C15: Adeacuacion sondeo, mejoramiento y dejar en funcionamiento a baños de docentes, niño y niñas del planten educativo | D15: UND | E15: =+'MEMORIA CALCULO'!M42 -> 14 | F15: =+'(APU) PRESUPUESTO '!H384 -> 38700 | G15: =+ROUND(E15*F15,0) -> 541800
B16: 1.12 | C16: Suministro e instalacion de cubierta aquitectonica a color C=28 | D16: M2 | E16: =+'MEMORIA CALCULO'!M46 -> 25 | F16: =+'(APU) PRESUPUESTO '!H417 -> 71000 | G16: =+ROUND(E16*F16,0) -> 1775000
B17: 1.13 | C17: Instalacion de pasamanos | D17: ML | E17: =+'MEMORIA CALCULO'!M49 -> 4 | F17: =+'(APU) PRESUPUESTO '!H452 -> 32600 | G17: =+ROUND(E17*F17,0) -> 130400
B18: 1.14 | C18: Suministro e instalacion de cercha metalica de 8cm x 4 cm C=18 | D18: ML | E18: =+'MEMORIA CALCULO'!M51 -> 15 | F18: =+'(APU) PRESUPUESTO '!H488 -> 23500 | G18: =+ROUND(E18*F18,0) -> 352500
B19: 1.15 | C19: Suministro e instalacion de tubo estructura metalico de 10cm x 10 cm | D19: ML | E19: =+'MEMORIA CALCULO'!M53 -> 12.6 | F19: =+'(APU) PRESUPUESTO '!H526 -> 76700 | G19: =+ROUND(E19*F19,0) -> 966420
C20: SEDE PRINCIPAL MEJORAMIENTO SALA DE SISTEMA
B21: 1.16 | C21: Mantenimiento a cubierta area salon sistemas con la instalacion de cinta asfaltica para sellar filtracion de aguas lluvias | D21: M2 | E21: =+'MEMORIA CALCULO'!M58 -> 12 | F21: =+'(APU) PRESUPUESTO '!H560 -> 26500 | G21: =+ROUND(E21*F21,0) -> 318000
B22: 1.17 | C22: Retiro de cubierta existente | D22: M2 | E22: =+'MEMORIA CALCULO'!M60 -> 29.595 | F22: =+'(APU) PRESUPUESTO '!H593 -> 9500 | G22: =+ROUND(E22*F22,0) -> 281153
B23: 1.18 | C23: Retiro de cielo raso en icopor | D23: M2 | E23: =+'MEMORIA CALCULO'!M63 -> 118.23 | F23: =+'(APU) PRESUPUESTO '!H625 -> 8500 | G23: =+ROUND(E23*F23,0) -> 1004955
B24: 1.19 | C24: Suministro e instalacion de cielo raso PVC (incluye estructura metalica) | D24: M2 | E24: =+'MEMORIA CALCULO'!M66 -> 118.23 | F24: =+'(APU) PRESUPUESTO '!H659 -> 91700 | G24: =+ROUND(E24*F24,0) -> 10841691
F25: SUB TOTAL | G25: =SUM(G5:G24) -> 20569901
B26: 2 | C26: SEDE MARIA AUXILIADORA
B27: 2.1 | C27: Suministro e instalacion ventana de seguridad con reja tipo bano y hojas en lamina metalica | D27: M2 | E27: =+'MEMORIA CALCULO'!M70 -> 2.24 | F27: =+'(APU) PRESUPUESTO '!H695 -> 320000 | G27: =+ROUND(E27*F27,0) -> 716800
B28: 2.2 | C28: Suministro e instalacion de puerta metalica | D28: M2 | E28: =+'MEMORIA CALCULO'!M72 -> 2.232 | F28: =+'(APU) PRESUPUESTO '!H731 -> 340400 | G28: =+ROUND(E28*F28,0) -> 759773
B29: 2.3 | C29: Retiro de puerta e instalacion de bloque H4 (incluye pañete y pintura) | D29: M2 | E29: =+'MEMORIA CALCULO'!M74 -> 2.232 | F29: =+'(APU) PRESUPUESTO '!H767 -> 96700 | G29: =+ROUND(E29*F29,0) -> 215834
B30: 2.4 | C30: Concreto de 3000psi para piso | D30: M2 | E30: =+'MEMORIA CALCULO'!M76 -> 1.8 | F30: =+'(APU) PRESUPUESTO '!H803 -> 95000 | G30: =+ROUND(E30*F30,0) -> 171000
B31: 2.5 | C31: Retiro de bloque clara hoya e instalacion de bloque H4 (incluye pañete) | D31: M2 | E31: =+'MEMORIA CALCULO'!L79 -> 1.8 | F31: =+'(APU) PRESUPUESTO '!H839 -> 76700 | G31: =+ROUND(E31*F31,0) -> 138060
B32: 2.6 | C32: Reposicion de teja eternit | D32: UND | E32: =+'MEMORIA CALCULO'!M80 -> 2 | F32: =+'(APU) PRESUPUESTO '!H873 -> 113000 | G32: =+ROUND(E32*F32,0) -> 226000
B33: 2.7 | C33: Pintura vinilo tipo 1 a tres manos | D33: M2 | E33: =+'MEMORIA CALCULO'!M82 -> 130.43 | F33: =+'(APU) PRESUPUESTO '!H906 -> 19300 | G33: =+ROUND(E33*F33,0) -> 2517299
B34: 2.8 | C34: =+C12 -> Pintura en aceite para ornamentacion | D34: M3 | E34: =+'MEMORIA CALCULO'!M95 -> 34.24 | F34: =+'(APU) PRESUPUESTO '!H940 -> 19100 | G34: =+ROUND(E34*F34,0) -> 653984
B35: 2.9 | C35: Mantenimiento a tuberia hidraulica | D35: ML | E35: =+'MEMORIA CALCULO'!M103 -> 3 | F35: =+'(APU) PRESUPUESTO '!H972 -> 15500 | G35: =+ROUND(E35*F35,0) -> 46500
B36: 2.1 | C36: Suministro e instalacion de malla eslabonada y tubo metalico de 2" para cerramiento de tanque de almacenamiento | D36: ML | E36: =+'MEMORIA CALCULO'!M105 -> 7.1 | F36: =+'(APU) PRESUPUESTO '!H1003 -> 89700 | G36: =+ROUND(E36*F36,0) -> 636870
B37: 2.11 | C37: Suministro e instalacion de pasamanos metalico en tubo metalico redondo de 1 1/2" | D37: ML | E37: =+'MEMORIA CALCULO'!M107 -> 3.2 | F37: =+'(APU) PRESUPUESTO '!H1036 -> 112000 | G37: =+ROUND(E37*F37,0) -> 358400
B38: 2.12 | C38: Construccion de grada en concreto de 3000psi | D38: ML | E38: =+'MEMORIA CALCULO'!M109 -> 1.2 | F38: =+'(APU) PRESUPUESTO '!H1068 -> 73500 | G38: =+ROUND(E38*F38,0) -> 88200
F39: SUB TOTAL | G39: =SUM(G27:G38) -> 6528720
B40: COSTO DIRECTO | G40: =+G39+G25 -> 27098621
B41: ADMINISTRACION | F41: =+'DESGLOSE AIU'!H19 -> 0.19125891 | G41: =ROUND(G40*F41,0) -> 5182853
B42: IMPREVISTO | F42: =+'DESGLOSE AIU'!H20 -> 0.01 | G42: =ROUND(G40*F42,0) -> 270986
B43: UTILIDAD | F43: =+'DESGLOSE AIU'!H21 -> 0.05 | G43: =ROUND(G40*F43,0) -> 1354931
B44: COSTO TOTAL DE LA OBRA | G44: =SUM(G40:G43) -> 33907391
B47: JONATHAN ORLANDO RINCON ACEVEDO
B48: C.C. No.: 14.013.541 de Chaparral (Tol.)
B49: Ingeniero Civil
B50: T.P. No.: 161037-0648622 TLM

Sheet MEMORIA CALCULO
A2: MANTENIMIENTO Y ADECUACIÓN A LA INFRAESTRUCTURA FISICA DE LA INSTITUCIÓN EDUCATIVA TECNICA FRANCISCO JOSE DE CALDAS MUNICIPIO DE NATAGAIMA - TOLIMA
A4: ITEM | B4: ACTIVIDAD | C4: UNIDADES | M4: TOTALES
A6: =+'PRESUPUESTO OFICIAL'!B4 -> 1 | B6: =+'PRESUPUESTO OFICIAL'!C4 -> SEDE PRINCIPAL
A7: =+'PRESUPUESTO OFICIAL'!B5 -> 1.1 | B7: =+'PRESUPUESTO OFICIAL'!C5 -> Mantenimiento a puerta de ingreso principal | C7: =+'PRESUPUESTO OFICIAL'!D5 -> UND | D7: No. Ele | E7: Cant. | F7: Long | G7: Ancho | H7: Altura | I7: Desc | L7: Cantidad | M7: =+L8 -> 1
B8: Puerta de ingreso | E8: 1 | L8: 1
A9: =+'PRESUPUESTO OFICIAL'!B6 -> 1.2 | B9: =+'PRESUPUESTO OFICIAL'!C6 -> Mantenimiento a puerta de sala multiple (incluye instalacion de chapa y porta candado) | C9: =+'PRESUPUESTO OFICIAL'!D6 -> UND | D9: No. Ele | E9: Cant. | F9: Long | G9: Ancho | H9: Altura | I9: Desc | L9: Cantidad | M9: =+L10 -> 2
B10: Puerta sala multiple | E10: 2 | L10: =+E10 -> 2
A11: =+'PRESUPUESTO OFICIAL'!B7 -> 1.3 | B11: =+'PRESUPUESTO OFICIAL'!C7 -> Mantenimiento a puerta metalica baño de niñas cambio de lamina de arrastre | C11: =+'PRESUPUESTO OFICIAL'!D7 -> UND | D11: No. Ele | E11: Cant. | F11: Long | G11: Ancho | H11: Altura | I11: Desc | L11: Cantidad | M11: =+L12 -> 1
B12: Puerta de baño niñas | E12: 1 | L12: =+E12 -> 1
A13: =+'PRESUPUESTO OFICIAL'!B8 -> 1.4 | B13: =+'PRESUPUESTO OFICIAL'!C8 -> Suministro e instalacion de marco metalica C18 para puerta sala multiple | C13: =+'PRESUPUESTO OFICIAL'!D8 -> UND | D13: No. Ele | E13: Cant. | F13: Long | G13: Ancho | H13: Altura | I13: Desc | L13: Cantidad | M13: =+L14 -> 1
B14: Marco sala multiple | E14: 1 | L14: =+E14 -> 1
A15: =+'PRESUPUESTO OFICIAL'!B9 -> 1.5 | B15: =+'PRESUPUESTO OFICIAL'!C9 -> Suministro e instalacion de canal metalica | C15: =+'PRESUPUESTO OFICIAL'!D9 -> ML | D15: No. Ele | E15: Cant. | F15: Long | G15: Ancho | H15: Altura | I15: Desc | L15: Cantidad | M15: =+L16 -> 6.7
B16: Canal metalica sala multiple | F16: 6.7 | L16: =+F16 -> 6.7
A17: =+'PRESUPUESTO OFICIAL'!B10 -> 1.6 | B17: =+'PRESUPUESTO OFICIAL'!C10 -> Suministro e instalacion de cable No. 12 para instalacion de ventiladores sala multiple | C17: =+'PRESUPUESTO OFICIAL'!D10 -> ML | D17: No. Ele | E17: Cant. | F17: Long | G17: Ancho | H17: Altura | I17: Desc | L17: Cantidad | M17: =+L18 -> 40
B18: Cable No. 12 para ventiladores | F18: 40 | L18: =+F18 -> 40
A19: =+'PRESUPUESTO OFICIAL'!B11 -> 1.7 | B19: =+'PRESUPUESTO OFICIAL'!C11 -> Pintura vinilo tipo 1 a tres manos y estuco | C19: =+'PRESUPUESTO OFICIAL'!D11 -> M2 | D19: No. Ele | E19: Cant. | F19: Long | G19: Ancho | H19: Altura | I19: Desc | L19: Cantidad | M19: =+M22+M26 -> 75.765
B20: Muro interior salon Pae | F20: 6.5 | H20: 3.4 | L20: =+F20*H20 -> 22.1
B21: Muro interior salon Pae | F21: 6.3 | H21: 3.4 | L21: =+F21*H21 -> 21.42
B22: Muro interior salon Pae | F22: 6.5 | H22: 3.4 | L22: =+F22*H22 -> 22.1 | M22: =+L20+L21+L22+L23 -> 87.04
B23: Muro interior salon Pae | F23: 6.3 | H23: 3.4 | L23: =+F23*H23 -> 21.42
B25: Ventana 1 | F25: 2.4 | H25: -1.35 | L25: =+F25*H25 -> -3.24
B26: Ventana 2 | F26: 2.4 | H26: -1.35 | L26: =+F26*H26 -> -3.24 | M26: =+L25+L26+L27+L28 -> -11.275
B27: Ventana 3 | F27: 1.4 | H27: -1.5 | L27: =+F27*H27 -> -2.1
B28: Puerta | F28: 1.1 | H28: -2.45 | L28: =+F28*H28 -> -2.695
A29: =+'PRESUPUESTO OFICIAL'!B12 -> 1.8 | B29: =+'PRESUPUESTO OFICIAL'!C12 -> Pintura en aceite para ornamentacion | C29: =+'PRESUPUESTO OFICIAL'!D12 -> M2 | D29: No. Ele | E29: Cant. | F29: Long | G29: Ancho | H29: Altura | I29: Desc | L29: Cantidad | M29: =+L30+L31+L32+L33+L34 -> 27.83
B30: Ventana 1 | E30: 2 | F30: 2.4 | H30: 1.35 | J30: =+F30*H30 -> 3.24 | L30: =+J30*E30 -> 6.48
B31: Ventana 2 | E31: 2 | F31: 2.4 | H31: 1.35 | J31: =+F31*H31 -> 3.24 | L31: =+J31*E31 -> 6.48
B32: Ventana 3 | E32: 2 | F32: 1.4 | H32: 1.5 | J32: =+F32*H32 -> 2.1 | L32: =+J32*E32 -> 4.2
B33: Puerta | E33: 2 | F33: 1.1 | H33: 2.45 | J33: =+F33*H33 -> 2.695 | L33: =+J33*E33 -> 5.39
B34: Puerta | E34: 2 | F34: 1.2 | H34: 2.2 | J34: =+F34*H34 -> 2.64 | L34: =+J34*E34 -> 5.28
A35: =+'PRESUPUESTO OFICIAL'!B13 -> 1.9 | B35: =+'PRESUPUESTO OFICIAL'!C13 -> Suministro e instalacion de malla metalica antisectos | C35: =+'PRESUPUESTO OFICIAL'!D13 -> M2 | D35: No. Ele | E35: Cant. | F35: Long | G35: Ancho | H35: Altura | I35: Desc | L35: Cantidad | M35: =+L36+L37+L38+L39 -> 11.275
B36: Ventana 1 | F36: 2.4 | H36: 1.35 | L36: =+F36*H36 -> 3.24
B37: Ventana 2 | F37: 2.4 | H37: 1.35 | L37: =+F37*H37 -> 3.24
B38: Ventana 3 | F38: 1.4 | H38: 1.5 | L38: =+F38*H38 -> 2.1
B39: Puerta | F39: 1.1 | H39: 2.45 | L39: =+F39*H39 -> 2.695
A40: =+'PRESUPUESTO OFICIAL'!B14 -> 1.1 | B40: =+'PRESUPUESTO OFICIAL'!C14 -> Suministro e instalacion de inodoro de tanque | C40: =+'PRESUPUESTO OFICIAL'!D14 -> UND | D40: No. Ele | E40: Cant. | F40: Long | G40: Ancho | H40: Altura | I40: Desc | L40: Cantidad | M40: =+L41 -> 1
B41: Baño de niños | E41: 1 | L41: =+E41 -> 1
A42: =+'PRESUPUESTO OFICIAL'!B15 -> 1.11 | B42: =+'PRESUPUESTO OFICIAL'!C15 -> Adeacuacion sondeo, mejoramiento y dejar en funcionamiento a baños de docentes, niño y niñas del planten educativo | C42: =+'PRESUPUESTO OFICIAL'!D15 -> UND | D42: No. Ele | E42: Cant. | F42: Long | G42: Ancho | H42: Altura | I42: Desc | L42: Cantidad | M42: =+L43+L44+L45 -> 14
B43: Baño de niños | E43: 6 | L43: =+E43 -> 6
B44: Baño docente | E44: 4 | L44: =+E44 -> 4
B45: Baño de niñas | E45: 4 | L45: =+E45 -> 4
A46: =+'PRESUPUESTO OFICIAL'!B16 -> 1.12 | B46: =+'PRESUPUESTO OFICIAL'!C16 -> Suministro e instalacion de cubierta aquitectonica a color C=28 | C46: =+'PRESUPUESTO OFICIAL'!D16 -> M2 | D46: No. Ele | E46: Cant. | F46: Long | G46: Ancho | H46: Altura | I46: Desc | L46: Cantidad | M46: =+L47 -> 25
B47: Area para cubrir compresor aire acondicionado | F47: 5 | G47: 5 | L47: =+F47*G47 -> 25
A49: =+'PRESUPUESTO OFICIAL'!B17 -> 1.13 | B49: =+'PRESUPUESTO OFICIAL'!C17 -> Instalacion de pasamanos | C49: UND | D49: No. Ele | E49: Cant. | F49: Long | G49: Ancho | H49: Altura | I49: Desc | L49: Cantidad | M49: =+L50 -> 4
B50: Pasamanos escalera bloque terece piso | F50: 4 | L50: =+F50 -> 4
A51: =+'PRESUPUESTO OFICIAL'!B18 -> 1.14 | B51: =+'PRESUPUESTO OFICIAL'!C18 -> Suministro e instalacion de cercha metalica de 8cm x 4 cm C=18 | C51: M2 | D51: No. Ele | E51: Cant. | F51: Long | G51: Ancho | H51: Altura | I51: Desc | L51: Cantidad | M51: =+L52 -> 15
B52: Area 1 sala de sistema | F52: 15 | L52: =+F52 -> 15
A53: =+'PRESUPUESTO OFICIAL'!B19 -> 1.15 | B53: =+'PRESUPUESTO OFICIAL'!C19 -> Suministro e instalacion de tubo estructura metalico de 10cm x 10 cm | C53: M2 | D53: No. Ele | E53: Cant. | F53: Long | G53: Ancho | H53: Altura | I53: Desc | L53: Cantidad | M53: =+L54+L55+L56+L57 -> 12.6
B54: Cubierta compresor aire acondicionado | E54: 3 | F54: 1.7 | L54: =+E54*F54 -> 5.1
B55: Columna cubierta baños de niños | E55: 3 | F55: 1.5 | L55: =+E55*F55 -> 4.5
E56: 1 | F56: 1 | L56: =+E56*F56 -> 1
B57: Columna cubierta baños de niños | E57: 1 | F57: 2 | L57: =+E57*F57 -> 2
A58: =+'PRESUPUESTO OFICIAL'!B21 -> 1.16 | B58: =+'PRESUPUESTO OFICIAL'!C21 -> Mantenimiento a cubierta area salon sistemas con la instalacion de cinta asfaltica para sellar filtracion de aguas lluvias | C58: =+'PRESUPUESTO OFICIAL'!D27 -> M2 | D58: No. Ele | E58: Cant. | F58: Long | G58: Ancho | H58: Altura | I58: Desc | L58: Cantidad | M58: =+L59 -> 12
B59: Cubierta compresor aire acondicionado | E59: 3 | F59: 4 | L59: =+F59*E59 -> 12
A60: =+'PRESUPUESTO OFICIAL'!B22 -> 1.17 | B60: =+'PRESUPUESTO OFICIAL'!C22 -> Retiro de cubierta existente | C60: UND | D60: No. Ele | E60: Cant. | F60: Long | G60: Ancho | H60: Altura | I60: Desc | L60: Cantidad | M60: =+L61+L62 -> 29.595
B61: Area baño de niños | F61: 10.2 | G61: 2.4 | L61: =+F61*G61 -> 24.48
B62: Area baño de niños | F62: 3.3 | G62: 1.55 | L62: =+F62*G62 -> 5.115
A63: =+'PRESUPUESTO OFICIAL'!B23 -> 1.18 | B63: =+'PRESUPUESTO OFICIAL'!C23 -> Retiro de cielo raso en icopor | C63: =+'PRESUPUESTO OFICIAL'!D31 -> M2 | D63: No. Ele | E63: Cant. | F63: Long | G63: Ancho | H63: Altura | I63: Desc | L63: Cantidad | M63: =+L64+L65 -> 118.23
B64: Area 1 sala de sistema | F64: 12.6 | G64: 8.2 | L64: =+F64*G64 -> 103.32
B65: Area 2 sala de sistema | F65: 3.55 | G65: 4.2 | L65: =+F65*G65 -> 14.91
A66: =+'PRESUPUESTO OFICIAL'!B24 -> 1.19 | B66: =+'PRESUPUESTO OFICIAL'!C24 -> Suministro e instalacion de cielo raso PVC (incluye estructura metalica) | C66: =+'PRESUPUESTO OFICIAL'!D33 -> M2 | D66: No. Ele | E66: Cant. | F66: Long | G66: Ancho | H66: Altura | I66: Desc | L66: Cantidad | M66: =+L67+L68 -> 118.23
B67: Area 1 sala de sistema | F67: 12.6 | G67: 8.2 | L67: =+F67*G67 -> 103.32
B68: Area 2 sala de sistema | F68: 3.55 | G68: 4.2 | L68: =+F68*G68 -> 14.91
A69: =+'PRESUPUESTO OFICIAL'!B26 -> 2 | B69: =+'PRESUPUESTO OFICIAL'!C26 -> SEDE MARIA AUXILIADORA
A70: =+'PRESUPUESTO OFICIAL'!B27 -> 2.1 | B70: =+'PRESUPUESTO OFICIAL'!C27 -> Suministro e instalacion ventana de seguridad con reja tipo bano y hojas en lamina metalica | C70: M2 | D70: No. Ele | E70: Cant. | F70: Long | G70: Ancho | H70: Altura | I70: Desc | L70: Cantidad | M70: =+L71 -> 2.24
B71: Area cocina | F71: 1.6 | G71: 1.4 | L71: =+G71*F71 -> 2.24
A72: =+'PRESUPUESTO OFICIAL'!B28 -> 2.2 | B72: =+'PRESUPUESTO OFICIAL'!C28 -> Suministro e instalacion de puerta metalica | C72: M2 | D72: No. Ele | E72: Cant. | F72: Long | G72: Ancho | H72: Altura | I72: Desc | L72: Cantidad | M72: =+L73 -> 2.232
B73: Salon bodega | F73: 0.93 | G73: 2.4 | L73: =+G73*F73 -> 2.232
A74: =+'PRESUPUESTO OFICIAL'!B29 -> 2.3 | B74: =+'PRESUPUESTO OFICIAL'!C29 -> Retiro de puerta e instalacion de bloque H4 (incluye pañete y pintura) | C74: M2 | D74: No. Ele | E74: Cant. | F74: Long | G74: Ancho | H74: Altura | I74: Desc | L74: Cantidad | M74: =+L75 -> 2.232
B75: Puerta salo de bodega | F75: 0.93 | G75: 2.4 | L75: =+G75*F75 -> 2.232
A76: =+'PRESUPUESTO OFICIAL'!B30 -> 2.4 | B76: =+'PRESUPUESTO OFICIAL'!C30 -> Concreto de 3000psi para piso | C76: M2 | D76: No. Ele | E76: Cant. | F76: Long | G76: Ancho | H76: Altura | I76: Desc | L76: Cantidad | M76: =+L77 -> 1.8
B77: Area piso frente salon | F77: 2 | G77: 0.9 | L77: =+G77*F77 -> 1.8
A78: =+'PRESUPUESTO OFICIAL'!B31 -> 2.5 | B78: =+'PRESUPUESTO OFICIAL'!C31 -> Retiro de bloque clara hoya e instalacion de bloque H4 (incluye pañete) | C78: M2 | D78: No. Ele | E78: Cant. | F78: Long | G78: Ancho | H78: Altura | I78: Desc | L78: Cantidad | M78: =+L79 -> 1.8
B79: Salon | E79: 4 | F79: 1.5 | G79: 0.3 | J79: =+F79*G79 -> 0.45 | L79: =+J79*E79 -> 1.8
A80: =+'PRESUPUESTO OFICIAL'!B32 -> 2.6 | B80: =+'PRESUPUESTO OFICIAL'!C32 -> Reposicion de teja eternit | C80: M2 | D80: No. Ele | E80: Cant. | F80: Long | G80: Ancho | H80: Altura | I80: Desc | L80: Cantidad | M80: =+L81 -> 2
B81: Cubierta salon | E81: 2 | L81: =+E81 -> 2
A82: =+'PRESUPUESTO OFICIAL'!B33 -> 2.7 | B82: =+'PRESUPUESTO OFICIAL'!C33 -> Pintura vinilo tipo 1 a tres manos | C82: M2 | D82: No. Ele | E82: Cant. | F82: Long | G82: Ancho | H82: Altura | I82: Desc | L82: Cantidad | M82: =+M84+M90 -> 130.43
B83: Pintura interna salon | E83: 2 | F83: 8.1 | G83: 3.3 | J83: =+F83*G83 -> 26.73 | L83: =+J83*E83 -> 53.46
B84: Pintura interna salon | E84: 2 | F84: 6.4 | G84: 3.3 | J84: =+F84*G84 -> 21.12 | L84: =+J84*E84 -> 42.24 | M84: =+L83+L84+L85+L86 -> 164.67
B85: Pintura interna salon | E85: 1 | F85: 8.1 | G85: 3.3 | J85: =+F85*G85 -> 26.73 | L85: =+J85*E85 -> 26.73
B86: Pintura interna salon | E86: 2 | F86: 6.4 | G86: 3.3 | J86: =+F86*G86 -> 21.12 | L86: =+J86*E86 -> 42.24
B88: ventana 1 | E88: 2 | F88: 2.5 | G88: -1.4 | J88: =+F88*G88 -> -3.5 | L88: =+J88*E88 -> -7
B89: ventana 2 | E89: 2 | F89: 2 | G89: -1.4 | J89: =+F89*G89 -> -2.8 | L89: =+J89*E89 -> -5.6
B90: ventana 3 | E90: 2 | F90: 1.7 | G90: -1.2 | J90: =+F90*G90 -> -2.04 | L90: =+J90*E90 -> -4.08 | M90: =+L88+L89+L90+L91+L92+L93+L94 -> -34.24
B91: ventana 4 | E91: 2 | F91: 1.7 | G91: -1.2 | J91: =+F91*G91 -> -2.04 | L91: =+J91*E91 -> -4.08
B92: ventana 5 | E92: 2 | F92: 1.7 | G92: -1.2 | J92: =+F92*G92 -> -2.04 | L92: =+J92*E92 -> -4.08
B93: ventana 6 | E93: 2 | F93: 2 | G93: -1.2 | J93: =+F93*G93 -> -2.4 | L93: =+J93*E93 -> -4.8
B94: puerta | E94: 2 | F94: 1 | G94: -2.3 | J94: =+F94*G94 -> -2.3 | L94: =+J94*E94 -> -4.6
A95: =+'PRESUPUESTO OFICIAL'!B34 -> 2.8 | B95: =+'PRESUPUESTO OFICIAL'!C34 -> Pintura en aceite para ornamentacion | C95: M3 | D95: No. Ele | E95: Cant. | F95: Long | G95: Ancho | H95: Altura | I95: Desc | L95: Cantidad | M95: =+L96+L97+L98+L99+L100+L101+L102 -> 34.24
B96: ventana 1 | E96: 2 | F96: 2.5 | G96: 1.4 | J96: =+F96*G96 -> 3.5 | L96: =+J96*E96 -> 7
B97: ventana 2 | E97: 2 | F97: 2 | G97: 1.4 | J97: =+F97*G97 -> 2.8 | L97: =+J97*E97 -> 5.6
B98: ventana 3 | E98: 2 | F98: 1.7 | G98: 1.2 | J98: =+F98*G98 -> 2.04 | L98: =+J98*E98 -> 4.08
B99: ventana 4 | E99: 2 | F99: 1.7 | G99: 1.2 | J99: =+F99*G99 -> 2.04 | L99: =+J99*E99 -> 4.08
B100: ventana 5 | E100: 2 | F100: 1.7 | G100: 1.2 | J100: =+F100*G100 -> 2.04 | L100: =+J100*E100 -> 4.08
B101: ventana 6 | E101: 2 | F101: 2 | G101: 1.2 | J101: =+F101*G101 -> 2.4 | L101: =+J101*E101 -> 4.8
B102: puerta | E102: 2 | F102: 1 | G102: 2.3 | J102: =+F102*G102 -> 2.3 | L102: =+J102*E102 -> 4.6
A103: =+'PRESUPUESTO OFICIAL'!B35 -> 2.9 | B103: =+'PRESUPUESTO OFICIAL'!C35 -> Mantenimiento a tuberia hidraulica | C103: UND | D103: No. Ele | E103: Cant. | F103: Long | G103: Ancho | H103: Altura | I103: Desc | L103: Cantidad | M103: =+L104 -> 3
B104: Tuberia hidrualica | E104: 3 | L104: =+E104 -> 3
A105: =+'PRESUPUESTO OFICIAL'!B36 -> 2.1 | B105: =+'PRESUPUESTO OFICIAL'!C36 -> Suministro e instalacion de malla eslabonada y tubo metalico de 2" para cerramiento de tanque de almacenamiento | C105: UND | D105: No. Ele | E105: Cant. | F105: Long | G105: Ancho | H105: Altura | I105: Desc | L105: Cantidad | M105: =+L106 -> 7.1
B106: Pedestal en concreto de 3000psi | F106: =3+2.8+1.3 -> 7.1 | L106: =+F106 -> 7.1
...

Sheet (APU) PRESUPUESTO 
B2: MANTENIMIENTO Y ADECUACIÓN A LA INFRAESTRUCTURA FISICA DE LA INSTITUCIÓN EDUCATIVA TECNICA FRANCISCO JOSE DE CALDAS MUNICIPIO DE NATAGAIMA - TOLIMA
J3: SALARIO OFICAL | K3: 2700230 | L3: =+K3/30 -> 90007.667 | M3: =+L3/8 -> 11250.958
J4: SALARIO OFIUCAL ALBAÑIL | K4: 2610000 | L4: =+K4/30 -> 87000 | M4: =+L4/8 -> 10875
B5: ANÁLISIS DE PRECIOS UNITARIOS | J5: SAARIO AYUDANTE | K5: 1500000 | L5: =+K5/30 -> 50000 | M5: =+L5/8 -> 6250
B7: =+'PRESUPUESTO OFICIAL'!C5 -> Mantenimiento a puerta de ingreso principal | G7: ITEM: | H7: =+'PRESUPUESTO OFICIAL'!B5 -> 1.1
G8: UNIDAD: | H8: =+'PRESUPUESTO OFICIAL'!D5 -> UND | J8: CUADRILLA A-A UN OFICIAL Y DOS AYUDANTES | K8: =+M3+M5+M5 -> 23750.958 | O8: CUADRILLA B-B UN OFICIAL Y TRES AYUDANTES | P8: =+M3+M5+M5+M5 -> 30000.958
B9: I. EQUIPO
B10: Descripción | D10: Tipo | E10: Tarifa/Hora | F10: Rendimiento | G10: Valor-Unit.
B11: HERRAMIENTA MENOR (5%) | D11: % | G11: =((H33+H23)*0.05)+84 -> 2532.381
B12: Equipo de soldadura | D12: Dia | E12: 45000 | F12: 0.3 | G12: =+F12*E12 -> 13500
G14: Sub-Total | H14: =SUM(G11:G12) -> 16032.381
B15: II. MATERIALES EN OBRA
B16: Descripción | D16: Unidad | E16: Precio-Unit. | F16: Cantidad | G16: Valor-Unit.
G17: =+F17*E17 -> 0
G18: =+F18*E18 -> 0
G19: =+F19*E19 -> 0
G20: =+F20*E20 -> 0
G21: =+F21*E21 -> 0
G23: Sub-Total | H23: =SUM(G17:G22) -> 0
B24: III. TRANSPORTES
B25: Material | D25: Distancia (KM) | E25: Cantidad (M3) | F25: Tarifa/M3-Km | G25: Valor-Unit.
G28: Sub-Total | H28: =SUM(G26:G27) -> 0
B29: IV. MANO DE OBRA
B30: Trabajador | C30: Hora | E30: Rendimiento | G30: Valor-Unit.
B31: =+J8 -> CUADRILLA A-A UN OFICIAL Y DOS AYUDANTES | C31: =+K8 -> 23750.958 | E31: 2.0617113 | G31: =E31*C31 -> 48967.619
G33: Sub-Total | H33: =SUM(G31:G32) -> 48967.619
E35: Total Costo Directo | H35: =H14+H23+H28+H33 -> 65000
B38: ANÁLISIS DE PRECIOS UNITARIOS
B40: =+'PRESUPUESTO OFICIAL'!C6 -> Mantenimiento a puerta de sala multiple (incluye instalacion de chapa y porta candado) | G40: ITEM: | H40: =+'PRESUPUESTO OFICIAL'!B6 -> 1.2
G41: UNIDAD: | H41: =+'PRESUPUESTO OFICIAL'!D6 -> UND
B42: I. EQUIPO
B43: Descripción | D43: Tipo | E43: Tarifa/Hora | F43: Rendimiento | G43: Valor-Unit.
B44: HERRAMIENTA MENOR (5%) | D44: % | G44: =((H65+H55)*0.05)+84 -> 3627.619
B45: Equipo de soldadura | D45: Dia | E45: 45000 | F45: 0.3 | G45: =+F45*E45 -> 13500
G47: Sub-Total | H47: =SUM(G44:G45) -> 17127.619
B48: II. MATERIALES EN OBRA
B49: Descripción | D49: Unidad | E49: Precio-Unit. | F49: Cantidad | G49: Valor-Unit.
B50: Chapa para puerta | D50: Und | E50: 45000 | F50: 1 | G50: =+F50*E50 -> 45000
B51: Argolla porta candado | D51: Und | E51: 10000 | F51: 1 | G51: =+F51*E51 -> 10000
G52: =+F52*E52 -> 0
G53: =+F53*E53 -> 0
G55: Sub-Total | H55: =SUM(G50:G54) -> 55000
B56: III. TRANSPORTES
B57: Material | D57: Distancia (KM) | E57: Cantidad (M3) | F57: Tarifa/M3-Km | G57: Valor-Unit.
G60: Sub-Total | H60: =SUM(G58:G59) -> 0
B61: IV. MANO DE OBRA
B62: Trabajador | C62: Hora | E62: Rendimiento | G62: Valor-Unit.
B63: =+O8 -> CUADRILLA B-B UN OFICIAL Y TRES AYUDANTES | C63: =+P8 -> 30000.958 | E63: 0.52906246 | G63: =+E63*C63 -> 15872.381
G65: Sub-Total | H65: =SUM(G63:G64) -> 15872.381
E67: Total Costo Directo | H67: =H47+H55+H60+H65 -> 88000
B70: ANÁLISIS DE PRECIOS UNITARIOS
B72: =+'PRESUPUESTO OFICIAL'!#REF! -> #REF! | G72: ITEM: | H72: =+'PRESUPUESTO OFICIAL'!#REF! -> #REF!
G73: UNIDAD: | H73: =+'PRESUPUESTO OFICIAL'!#REF! -> #REF!
B74: I. EQUIPO
B75: Descripción | D75: Tipo | E75: Tarifa/Hora | F75: Rendimiento | G75: Valor-Unit.
B76: HERRAMIENTA MENOR (5%) | D76: % | G76: =((H98+H88)*0.05)+84 -> 785.00958
B77: HIDRO LAVADORA | D77: HORA | E77: 17500 | F77: 0.05 | G77: 5666.9011
G78: =+F77*E77 -> 875
G80: Sub-Total | H80: =SUM(G76:G78) -> 7326.9107
B81: II. MATERIALES EN OBRA
B82: Descripción | D82: Unidad | E82: Precio-Unit. | F82: Cantidad | G82: Valor-Unit.
B84: DETERGENTE | D84: KG | E84: 25600 | F84: 0.15 | G84: =+F84*E84 -> 3840
B85: ACIDO LIMPIADPOR | D85: GL | E85: 35800 | F85: 0.1 | G85: =+F85*E85 -> 3580
B86: ESTOPA | D86: KG | E86: 18500 | F86: 0.1 | G86: =+F86*E86 -> 1850
G88: Sub-Total | H88: =SUM(G83:G87) -> 9270
B89: III. TRANSPORTES
B90: Material | D90: Distancia (KM) | E90: Cantidad (M3) | F90: Tarifa/M3-Km | G90: Valor-Unit.
G93: Sub-Total | H93: =SUM(G91:G92) -> 0
B94: IV. MANO DE OBRA
B95: Trabajador | C95: Hora | E95: Rendimiento | G95: Valor-Unit.
B96: =+J8 -> CUADRILLA A-A UN OFICIAL Y DOS AYUDANTES | C96: =+K8 -> 23750.958 | E96: 0.2 | G96: =E96*C96 -> 4750.1917
G98: Sub-Total | H98: =SUM(G96:G97) -> 4750.1917
E100: Total Costo Directo | H100: =H80+H88+H93+H98 -> 21347.102
B103: ANÁLISIS DE PRECIOS UNITARIOS
B105: =+'PRESUPUESTO OFICIAL'!C7 -> Mantenimiento a puerta metalica baño de niñas cambio de lamina de arrastre | G105: ITEM: | H105: =+'PRESUPUESTO OFICIAL'!B7 -> 1.3
G106: UNIDAD: | H106: =+'PRESUPUESTO OFICIAL'!D7 -> UND
B107: I. EQUIPO
B108: Descripción | D108: Tipo | E108: Tarifa/Hora | F108: Rendimiento | G108: Valor-Unit.
B109: HERRAMIENTA MENOR (5%) | D109: % | G109: =((H130+H120)*0.05)+84 -> 3246.6667
B110: Equipo de soldadura | D110: Dia | E110: 45000 | F110: 0.3 | G110: =+F110*E110 -> 13500
G112: Sub-Total | H112: =SUM(G109:G110) -> 16746.667
B113: II. MATERIALES EN OBRA
B114: Descripción | D114: Unidad | E114: Precio-Unit. | F114: Cantidad | G114: Valor-Unit.
B115: Cercha rectangular | D115: Ml | E115: 15000 | F115: 1 | G115: =+F115*E115 -> 15000
G120: Sub-Total | H120: =SUM(G115:G119) -> 15000
B121: III. TRANSPORTES
B122: Material | D122: Distancia (KM) | E122: Cantidad (M3) | F122: Tarifa/M3-Km | G122: Valor-Unit.
G125: Sub-Total | H125: =SUM(G123:G124) -> 0
B126: IV. MANO DE OBRA
B127: Trabajador | C127: Hora | E127: Rendimiento | G127: Valor-Unit.
B128: =+J8 -> CUADRILLA A-A UN OFICIAL Y DOS AYUDANTES | C128: =+K8 -> 23750.958 | E128: 2.0316373 | G128: =E128*C128 -> 48253.333
G130: Sub-Total | H130: =SUM(G128:G129) -> 48253.333
E132: Total Costo Directo | H132: =H112+H120+H125+H130 -> 80000
B135: ANÁLISIS DE PRECIOS UNITARIOS
B137: =+'PRESUPUESTO OFICIAL'!C8 -> Suministro e instalacion de marco metalica C18 para puerta sala multiple | G137: ITEM: | H137: =+'PRESUPUESTO OFICIAL'!B8 -> 1.4
G138: UNIDAD: | H138: =+'PRESUPUESTO OFICIAL'!D8 -> UND
B139: I. EQUIPO
B140: Descripción | D140: Tipo | E140: Tarifa/Hora | F140: Rendimiento | G140: Valor-Unit.
B141: HERRAMIENTA MENOR (5%) | D141: =VLOOKUP(B141,'[1]INSUMOS 2022'!$C$2:$E$4842,2,FALSE) -> % | G141: =(H162+H152)*0.05 -> 8642.8571
B142: Equipo de soldadura | D142: Dia | E142: 45000 | F142: 0.3 | G142: =+F142*E142 -> 13500
...

Sheet SALARIO RESIDENTE 
B19: Fuente: | C19: https://co.computrabajo.com/salarios/residente-de-obra

Sheet DESGLOSE AIU
B2: CALCULO DE LA ADMINISTRACION, IMPREVISTOS Y UTILIDADES
B3: CONCEPTO | D3: V.M./CON PRESTACIONES | E3: Dedicación | F3: Duración de la obra (Meses) | G3: V.PARCIAL | H3: %
B4: COSTO DIRECTO | H4: =+'PRESUPUESTO OFICIAL'!G40 -> 27098621
B5: COSTOS INDIRECTOS
B6: ADMINISTRACION
B7: SALARIOS PERSONAL DE OBRA | G7: =+G9+G8 -> 1443243.1 | H7: =+G7/H4 -> 0.053258913
B8: 1 | C8: RESIDENTE DE OBRA | D8: 2969636 | E8: 0.486 | F8: 1 | G8: =+D8*E8*F8*B8 -> 1443243.1
B10: GASTOS DE LEGALIZACION E IMPUESTOS | D10: Valor | F10: % | G10: =SUM(G11:G17) -> 3739609.7 | H10: =+G10/H4 -> 0.138
B11: Contribución Especial (Art. 6 Ley 1106 de 2006) | D11: =+'PRESUPUESTO OFICIAL'!G40 -> 27098621 | F11: 0.05 | G11: =+D11*F11 -> 1354931.1
B12: Estampillas Departamental | D12: =+D11 -> 27098621 | F12: 0.05 | G12: =+D12*F12 -> 1354931.1
B13: Poliza Cumplimiento | D13: =+D12 -> 27098621 | F13: 0.005 | G13: =+D13*F13 -> 135493.11
B14: Retefuente | D14: =+D13 -> 27098621 | F14: 0.02 | G14: =+D14*F14 -> 541972.42
B15: Rete ICA | D15: =+D14 -> 27098621 | F15: 0.01 | G15: =+D15*F15 -> 270986.21
B16: Tasa bomberil | D16: =G15 -> 270986.21 | F16: 0.05 | G16: =+D16*F16 -> 13549.311
B17: Tasa FIC - SENA | D17: =+H4 -> 27098621 | F17: 0.0025 | G17: =+D17*F17 -> 67746.553
B19: A | C19: ADMINISTRACION | H19: =+H7+H10 -> 0.19125891
B20: I | C20: IMPREVISTOS | H20: 0.01
B21: U | C21: UTILIDAD | H21: 0.05
B22: A.I.U. | H22: =SUM(H19:H21) -> 0.25125891

Sheet CRONOGRAMA DE OBRA 
B2: =+'PRESUPUESTO OFICIAL'!B2:G2 -> MANTENIMIENTO Y ADECUACIÓN A LA INFRAESTRUCTURA FISICA DE LA INSTITUCIÓN EDUCATIVA TECNICA FRANCISCO JOSE DE CALDAS MUNICIPIO DE NATAGAIMA - TOLIMA
B3: ITEM | C3: DESCRIPCIÓN | D3: UND | E3: CANTIDADES | F3: CRONOGRAMA EJECUCION (DIAS)
B4: 1 | C4: =+'PRESUPUESTO OFICIAL'!C4 -> SEDE PRINCIPAL | F4: 1 | G4: 2 | H4: 3 | I4: 4 | J4: 5 | K4: 6 | L4: 7 | M4: 8 | N4: 9 | O4: 10 | P4: 11 | Q4: 12 | R4: 13 | S4: 14 | T4: 15 | U4: 16 | V4: 17 | W4: 18 | X4: 19 | Y4: 20 | Z4: 21 | AA4: 22 | AB4: 23 | AC4: 24 | AD4: 25 | AE4: 26 | AF4: 27 | AG4: 28 | AH4: 29 | AI4: 30
B5: =+'PRESUPUESTO OFICIAL'!B5 -> 1.1 | C5: =+'PRESUPUESTO OFICIAL'!C5 -> Mantenimiento a puerta de ingreso principal | D5: =+'PRESUPUESTO OFICIAL'!D5 -> UND | E5: =+'PRESUPUESTO OFICIAL'!E5 -> 1
B6: =+'PRESUPUESTO OFICIAL'!B6 -> 1.2 | C6: =+'PRESUPUESTO OFICIAL'!C6 -> Mantenimiento a puerta de sala multiple (incluye instalacion de chapa y porta candado) | D6: =+'PRESUPUESTO OFICIAL'!D6 -> UND | E6: =+'PRESUPUESTO OFICIAL'!E6 -> 2
B7: =+'PRESUPUESTO OFICIAL'!B7 -> 1.3 | C7: =+'PRESUPUESTO OFICIAL'!C7 -> Mantenimiento a puerta metalica baño de niñas cambio de lamina de arrastre | D7: =+'PRESUPUESTO OFICIAL'!D7 -> UND | E7: =+'PRESUPUESTO OFICIAL'!E7 -> 1
B8: =+'PRESUPUESTO OFICIAL'!B8 -> 1.4 | C8: =+'PRESUPUESTO OFICIAL'!C8 -> Suministro e instalacion de marco metalica C18 para puerta sala multiple | D8: =+'PRESUPUESTO OFICIAL'!D8 -> UND | E8: =+'PRESUPUESTO OFICIAL'!E8 -> 1
B9: =+'PRESUPUESTO OFICIAL'!B9 -> 1.5 | C9: =+'PRESUPUESTO OFICIAL'!C9 -> Suministro e instalacion de canal metalica | D9: =+'PRESUPUESTO OFICIAL'!D9 -> ML | E9: =+'PRESUPUESTO OFICIAL'!E9 -> 6.7
B10: =+'PRESUPUESTO OFICIAL'!B10 -> 1.6 | C10: =+'PRESUPUESTO OFICIAL'!C10 -> Suministro e instalacion de cable No. 12 para instalacion de ventiladores sala multiple | D10: =+'PRESUPUESTO OFICIAL'!D10 -> ML | E10: =+'PRESUPUESTO OFICIAL'!E10 -> 40
B11: =+'PRESUPUESTO OFICIAL'!B11 -> 1.7 | C11: =+'PRESUPUESTO OFICIAL'!C11 -> Pintura vinilo tipo 1 a tres manos y estuco | D11: =+'PRESUPUESTO OFICIAL'!D11 -> M2 | E11: =+'PRESUPUESTO OFICIAL'!E11 -> 75.765
B12: =+'PRESUPUESTO OFICIAL'!B12 -> 1.8 | C12: =+'PRESUPUESTO OFICIAL'!C12 -> Pintura en aceite para ornamentacion | D12: =+'PRESUPUESTO OFICIAL'!D12 -> M2 | E12: =+'PRESUPUESTO OFICIAL'!E12 -> 27.83
B13: =+'PRESUPUESTO OFICIAL'!B13 -> 1.9 | C13: =+'PRESUPUESTO OFICIAL'!C13 -> Suministro e instalacion de malla metalica antisectos | D13: =+'PRESUPUESTO OFICIAL'!D13 -> M2 | E13: =+'PRESUPUESTO OFICIAL'!E13 -> 11.275
B14: =+'PRESUPUESTO OFICIAL'!B14 -> 1.1 | C14: =+'PRESUPUESTO OFICIAL'!C14 -> Suministro e instalacion de inodoro de tanque | D14: =+'PRESUPUESTO OFICIAL'!D14 -> UND | E14: =+'PRESUPUESTO OFICIAL'!E14 -> 1
B15: =+'PRESUPUESTO OFICIAL'!B15 -> 1.11 | C15: =+'PRESUPUESTO OFICIAL'!C15 -> Adeacuacion sondeo, mejoramiento y dejar en funcionamiento a baños de docentes, niño y niñas del planten educativo | D15: =+'PRESUPUESTO OFICIAL'!D15 -> UND | E15: =+'PRESUPUESTO OFICIAL'!E15 -> 14
B16: =+'PRESUPUESTO OFICIAL'!B16 -> 1.12 | C16: =+'PRESUPUESTO OFICIAL'!C16 -> Suministro e instalacion de cubierta aquitectonica a color C=28 | D16: =+'PRESUPUESTO OFICIAL'!D16 -> M2 | E16: =+'PRESUPUESTO OFICIAL'!E16 -> 25
... B19: =+'PRESUPUESTO OFICIAL'!B19 -> 1.15 | C19: =+'PRESUPUESTO OFICIAL'!C19 -> Suministro e instalacion de tubo estructura metalico de 10cm x 10 cm | D19: =+'PRESUPUESTO OFICIAL'!D19 -> ML | E19: =+'PRESUPUESTO OFICIAL'!E19 -> 12.6
C20: =+'PRESUPUESTO OFICIAL'!C20 -> SEDE PRINCIPAL MEJORAMIENTO SALA DE SISTEMA
B21: =+'PRESUPUESTO OFICIAL'!B21 -> 1.16 | C21: =+'PRESUPUESTO OFICIAL'!C21 -> Mantenimiento a cubierta area salon sistemas con la instalacion de cinta asfaltica para sellar filtracion de aguas lluvias | D21: =+'PRESUPUESTO OFICIAL'!D21 -> M2 | E21: =+'PRESUPUESTO OFICIAL'!E21 -> 12
B22: =+'PRESUPUESTO OFICIAL'!B22 -> 1.17 | C22: =+'PRESUPUESTO OFICIAL'!C22 -> Retiro de cubierta existente | D22: =+'PRESUPUESTO OFICIAL'!D22 -> M2 | E22: =+'PRESUPUESTO OFICIAL'!E22 -> 29.595
B23: =+'PRESUPUESTO OFICIAL'!B23 -> 1.18 | C23: =+'PRESUPUESTO OFICIAL'!C23 -> Retiro de cielo raso en icopor | D23: =+'PRESUPUESTO OFICIAL'!D23 -> M2 | E23: =+'PRESUPUESTO OFICIAL'!E23 -> 118.23
B24: =+'PRESUPUESTO OFICIAL'!B24 -> 1.19 | C24: =+'PRESUPUESTO OFICIAL'!C24 -> Suministro e instalacion de cielo raso PVC (incluye estructura metalica) | D24: =+'PRESUPUESTO OFICIAL'!D24 -> M2 | E24: =+'PRESUPUESTO OFICIAL'!E24 -> 118.23
B25: =+'PRESUPUESTO OFICIAL'!B26 -> 2 | C25: =+'PRESUPUESTO OFICIAL'!C26 -> SEDE MARIA AUXILIADORA
B26: =+'PRESUPUESTO OFICIAL'!B27 -> 2.1 | C26: =+'PRESUPUESTO OFICIAL'!C27 -> Suministro e instalacion ventana de seguridad con reja tipo bano y hojas en lamina metalica | D26: =+'PRESUPUESTO OFICIAL'!D27 -> M2 | E26: =+'PRESUPUESTO OFICIAL'!E27 -> 2.24
B27: =+'PRESUPUESTO OFICIAL'!B28 -> 2.2 | C27: =+'PRESUPUESTO OFICIAL'!C28 -> Suministro e instalacion de puerta metalica | D27: =+'PRESUPUESTO OFICIAL'!D28 -> M2 | E27: =+'PRESUPUESTO OFICIAL'!E28 -> 2.232
B28: =+'PRESUPUESTO OFICIAL'!B29 -> 2.3 | C28: =+'PRESUPUESTO OFICIAL'!C29 -> Retiro de puerta e instalacion de bloque H4 (incluye pañete y pintura) | D28: =+'PRESUPUESTO OFICIAL'!D29 -> M2 | E28: =+'PRESUPUESTO OFICIAL'!E29 -> 2.232
B29: =+'PRESUPUESTO OFICIAL'!B30 -> 2.4 | C29: =+'PRESUPUESTO OFICIAL'!C30 -> Concreto de 3000psi para piso | D29: =+'PRESUPUESTO OFICIAL'!D30 -> M2 | E29: =+'PRESUPUESTO OFICIAL'!E30 -> 1.8
B30: =+'PRESUPUESTO OFICIAL'!B31 -> 2.5 | C30: =+'PRESUPUESTO OFICIAL'!C31 -> Retiro de bloque clara hoya e instalacion de bloque H4 (incluye pañete) | D30: =+'PRESUPUESTO OFICIAL'!D31 -> M2 | E30: =+'PRESUPUESTO OFICIAL'!E31 -> 1.8
B31: =+'PRESUPUESTO OFICIAL'!B32 -> 2.6 | C31: =+'PRESUPUESTO OFICIAL'!C32 -> Reposicion de teja eternit | D31: =+'PRESUPUESTO OFICIAL'!D32 -> UND | E31: =+'PRESUPUESTO OFICIAL'!E32 -> 2
B32: =+'PRESUPUESTO OFICIAL'!B33 -> 2.7 | C32: =+'PRESUPUESTO OFICIAL'!C33 -> Pintura vinilo tipo 1 a tres manos | D32: =+'PRESUPUESTO OFICIAL'!D33 -> M2 | E32: =+'PRESUPUESTO OFICIAL'!E33 -> 130.43
B33: =+'PRESUPUESTO OFICIAL'!B34 -> 2.8 | C33: =+'PRESUPUESTO OFICIAL'!C34 -> Pintura en aceite para ornamentacion | D33: =+'PRESUPUESTO OFICIAL'!D34 -> M3 | E33: =+'PRESUPUESTO OFICIAL'!E34 -> 34.24
B34: =+'PRESUPUESTO OFICIAL'!B35 -> 2.9 | C34: =+'PRESUPUESTO OFICIAL'!C35 -> Mantenimiento a tuberia hidraulica | D34: =+'PRESUPUESTO OFICIAL'!D35 -> ML | E34: =+'PRESUPUESTO OFICIAL'!E35 -> 3
B35: =+'PRESUPUESTO OFICIAL'!B36 -> 2.1 | C35: =+'PRESUPUESTO OFICIAL'!C36 -> Suministro e instalacion de malla eslabonada y tubo metalico de 2" para cerramiento de tanque de almacenamiento | D35: =+'PRESUPUESTO OFICIAL'!D36 -> ML | E35: =+'PRESUPUESTO OFICIAL'!E36 -> 7.1
B36: =+'PRESUPUESTO OFICIAL'!B37 -> 2.11 | C36: =+'PRESUPUESTO OFICIAL'!C37 -> Suministro e instalacion de pasamanos metalico en tubo metalico redondo de 1 1/2" | D36: =+'PRESUPUESTO OFICIAL'!D37 -> ML | E36: =+'PRESUPUESTO OFICIAL'!E37 -> 3.2
B37: =+'PRESUPUESTO OFICIAL'!B38 -> 2.12 | C37: =+'PRESUPUESTO OFICIAL'!C38 -> Construccion de grada en concreto de 3000psi | D37: =+'PRESUPUESTO OFICIAL'!D38 -> ML | E37: =+'PRESUPUESTO OFICIAL'!E38 -> 1.2

Sheet ANEXO 5 - OFERTA ECONÓMICA
B1: ANEXO 5 - OFERTA ECONÓMICA
B2: MANTENIMIENTO Y ADECUACIÓN A LA INFRAESTRUCTURA FISICA DE LA INSTITUCIÓN EDUCATIVA TECNICA FRANCISCO JOSE DE CALDAS MUNICIPIO DE NATAGAIMA - TOLIMA
B3: ITEM | C3: DESCRIPCIÓN | D3: UND | E3: CANTIDADES | F3: VALOR UNITARIO | G3: VALOR TOTAL PARCIAL
B4: 1 | C4: SEDE PRINCIPAL
B5: 1.1 | C5: Mantenimiento a puerta de ingreso principal | D5: UND | E5: =+'MEMORIA CALCULO'!M7 -> 1
B6: 1.2 | C6: Mantenimiento a puerta de sala multiple (incluye instalacion de chapa y porta candado) | D6: UND | E6: =+'MEMORIA CALCULO'!M9 -> 2
B7: 1.3 | C7: Mantenimiento a puerta metalica baño de niñas cambio de lamina de arrastre | D7: UND | E7: =+'MEMORIA CALCULO'!M11 -> 1
B8: 1.4 | C8: Suministro e instalacion de marco metalica C18 para puerta sala multiple | D8: UND | E8: =+'MEMORIA CALCULO'!M13 -> 1
B9: 1.5 | C9: Suministro e instalacion de canal metalica | D9: ML | E9: =+'MEMORIA CALCULO'!M15 -> 6.7
B10: 1.6 | C10: Suministro e instalacion de cable No. 12 para instalacion de ventiladores sala multiple | D10: ML | E10: =+'MEMORIA CALCULO'!M17 -> 40
B11: 1.7 | C11: Pintura vinilo tipo 1 a tres manos y estuco | D11: M2 | E11: =+'MEMORIA CALCULO'!M19 -> 75.765
B12: 1.8 | C12: Pintura en aceite para ornamentacion | D12: M2 | E12: =+'MEMORIA CALCULO'!M29 -> 27.83
B13: 1.9 | C13: Suministro e instalacion de malla metalica antisectos | D13: M2 | E13: =+'MEMORIA CALCULO'!M35 -> 11.275
B14: 1.1 | C14: Suministro e instalacion de inodoro de tanque | D14: UND | E14: =+'MEMORIA CALCULO'!M40 -> 1
B15: 1.11 | C15: Adeacuacion sondeo, mejoramiento y dejar en funcionamiento a baños de docentes, niño y niñas del planten educativo | D15: UND | E15: =+'MEMORIA CALCULO'!M42 -> 14
B16: 1.12 | C16: Suministro e instalacion de cubierta aquitectonica a color C=28 | D16: M2 | E16: =+'MEMORIA CALCULO'!M46 -> 25
B17: 1.13 | C17: Instalacion de pasamanos | D17: ML | E17: =+'MEMORIA CALCULO'!M49 -> 4
B18: 1.14 | C18: Suministro e instalacion de cercha metalica de 8cm x 4 cm C=18 | D18: ML | E18: =+'MEMORIA CALCULO'!M51 -> 15
B19: 1.15 | C19: Suministro e instalacion de tubo estructura metalico de 10cm x 10 cm | D19: ML | E19: =+'MEMORIA CALCULO'!M53 -> 12.6
C20: SEDE PRINCIPAL MEJORAMIENTO SALA DE SISTEMA
B21: 1.16 | C21: Mantenimiento a cubierta area salon sistemas con la instalacion de cinta asfaltica para sellar filtracion de aguas lluvias | D21: M2 | E21: =+'MEMORIA CALCULO'!M58 -> 12
B22: 1.17 | C22: Retiro de cubierta existente | D22: M2 | E22: =+'MEMORIA CALCULO'!M60 -> 29.595
B23: 1.18 | C23: Retiro de cielo raso en icopor | D23: M2 | E23: =+'MEMORIA CALCULO'!M63 -> 118.23
B24: 1.19 | C24: Suministro e instalacion de cielo raso PVC (incluye estructura metalica) | D24: M2 | E24: =+'MEMORIA CALCULO'!M66 -> 118.23
F25: SUB TOTAL
B26: 2 | C26: SEDE MARIA AUXILIADORA
B27: 2.1 | C27: Suministro e instalacion ventana de seguridad con reja tipo bano y hojas en lamina metalica | D27: M2 | E27: =+'MEMORIA CALCULO'!M70 -> 2.24
B28: 2.2 | C28: Suministro e instalacion de puerta metalica | D28: M2 | E28: =+'MEMORIA CALCULO'!M72 -> 2.232
B29: 2.3 | C29: Retiro de puerta e instalacion de bloque H4 (incluye pañete y pintura) | D29: M2 | E29: =+'MEMORIA CALCULO'!M74 -> 2.232
B30: 2.4 | C30: Concreto de 3000psi para piso | D30: M2 | E30: =+'MEMORIA CALCULO'!M76 -> 1.8
B31: 2.5 | C31: Retiro de bloque clara hoya e instalacion de bloque H4 (incluye pañete) | D31: M2 | E31: =+'MEMORIA CALCULO'!L79 -> 1.8
B32: 2.6 | C32: Reposicion de teja eternit | D32: UND | E32: =+'MEMORIA CALCULO'!M80 -> 2
B33: 2.7 | C33: Pintura vinilo tipo 1 a tres manos | D33: M2 | E33: =+'MEMORIA CALCULO'!M82 -> 130.43
B34: 2.8 | C34: =+C12 -> Pintura en aceite para ornamentacion | D34: M3 | E34: =+'MEMORIA CALCULO'!M95 -> 34.24
B35: 2.9 | C35: Mantenimiento a tuberia hidraulica | D35: ML | E35: =+'MEMORIA CALCULO'!M103 -> 3
B36: 2.1 | C36: Suministro e instalacion de malla eslabonada y tubo metalico de 2" para cerramiento de tanque de almacenamiento | D36: ML | E36: =+'MEMORIA CALCULO'!M105 -> 7.1
B37: 2.11 | C37: Suministro e instalacion de pasamanos metalico en tubo metalico redondo de 1 1/2" | D37: ML | E37: =+'MEMORIA CALCULO'!M107 -> 3.2
B38: 2.12 | C38: Construccion de grada en concreto de 3000psi | D38: ML | E38: =+'MEMORIA CALCULO'!M109 -> 1.2
F39: SUB TOTAL
B40: COSTO DIRECTO
B41: ADMINISTRACION | F41: =+'DESGLOSE AIU'!H19 -> 0.19125891
B42: IMPREVISTO | F42: =+'DESGLOSE AIU'!H20 -> 0.01
B43: UTILIDAD | F43: =+'DESGLOSE AIU'!H21 -> 0.05
B44: COSTO TOTAL DE LA OBRA
